 Dungeon Crawl Stone Soup version 0.31-a0-538-gbc85326fa9 (webtiles) character file.

Game seed: 11501248645179927267

424 avis the Changeling (level 6, 0/48 HPs)
             Began as a Demigod Shapeshifter on Aug 14, 2023.
             Slain by an orc priest
             ... wielding a +0 hand axe
              (2 damage)
             ... on level 3 of the Dungeon.
             The game lasted 00:19:45 (3312 turns).

avis the Changeling (Demigod Shapeshifter)          Turns: 3312, Time: 00:19:46

Health: 0/48       AC:  6    Str: 20    XL:     6   Next: 36%
Magic:  8/8        EV: 13    Int: 10    God:
Gold:   204        SH:  0    Dex: 18    Spells: 4/5 levels left

rFire   . . .        B - +3 quarterstaff (chaos)
rCold   . . .        (shield currently unavailable)
rNeg    . . .        z - +0 acid dragon scales
rPois   .            (helmet currently unavailable)
rElec   .            C - melded +0 cloak
rCorr   +            (gloves currently unavailable)
SInv    .            (boots currently unavailable)
Will    .....        (no amulet)
Stlth   +            (no ring)
HPRegen 0.28/turn    (no ring)
MPRegen 0.11/turn

%: no passive effects
@: beast-form
A: beast (slay +2), high MP 1, forlorn, divine attributes
a: Begin Untransformation


You were on level 3 of the Dungeon.
You were a hulking beast.
You visited 1 branch of the dungeon, and saw 4 of its levels.

You collected 204 gold pieces.

Inventory:

Hand Weapons
 b - a +0 sling
 e - a +0 spear
 y - a +0 dagger of protection
 B - a +3 quarterstaff of chaos (weapon)
Missiles
 g - 6 boomerangs (quivered)
 x - 4 poisoned darts
Armour
 a - a +0 animal skin
 f - a +0 leather armour
 o - a +0 scale mail
 w - a +0 ring mail
 z - +0 acid dragon scales (worn)
 A - a +1 scale mail of cold resistance
 C - a +0 cloak (melded)
Magical Staves
 q - a staff of fire
 s - a staff of cold
Talismans
 c - a beast talisman (active)
 d - a flux talisman
Wands
 k - a wand of charming (13)
Scrolls
 j - a scroll of vulnerability {unknown}
 l - a scroll of butterflies {unknown}
 m - 2 scrolls of poison {unknown}
 n - 3 scrolls of identify {unknown}
 r - a scroll of enchant weapon {unknown}
 t - 2 scrolls of revelation {unknown}
 v - a scroll of immolation {unknown}
Potions
 h - a potion of heal wounds
 i - a potion of haste {unknown}
 p - a potion of curing
 u - a potion of might {unknown}


   Skills:
 - Level 2.0 Fighting
 + Level 3.3 Dodging
 + Level 4.0 Unarmed Combat
 * Level 4.4 Shapeshifting


You had 4 spell levels left.
You knew the following spells:

 Your Spells              Type           Power      Damage    Failure   Level
a - Summon Small Mammal   Summ           0%         N/A       45%         1

Your spell library contained the following spells:

 Spells                   Type           Power      Damage    Failure   Level
 Ensorcelled Hibernation  Hex/Ice        0%         N/A       58%         2
 Passwall                 Tmut/Erth      0%         N/A       58%         2
 Call Canine Familiar     Summ           0%         N/A       83%         3
 Summon Guardian Golem    Hex/Summ       0%         N/A       83%         3
 Swiftness                Air            0%         N/A       83%         3


Dungeon Overview and Level Annotations

Branches:
Dungeon (4/15)
 Temple: D:4-7

Shops:
D:1 (


Innate Abilities, Weirdness & Mutations

You are a hulking beast.
Your limbs bulge with bestial killing power. (Slay +2)
You have an increased reservoir of magic. (+10% MP)
You shall have no god before yourself.
Your divine heritage dramatically boosts your attributes as you level up.


Message History

The hobgoblin closely misses you.
You thump the hobgoblin! You freeze the hobgoblin.
You kill the hobgoblin!
You start resting.
HP restored.
You are a hulking beast.
Your movement speed is average.
Your attack delay is about 1.3.
Your damage rating with your +3 quarterstaff of chaos is about 17 (Base 10 x 125% (Str) x 103% (Skill) + 5 (Ench + Slay)).
Unknown command.
You climb downwards.
The orc priest shouts!
An orc comes into view. It is wielding a +0 trident.
The orc priest mumbles some strange prayers to Beogh against you.
You struggle to resist.
There is a stone staircase leading up here.
You barely miss the orc priest. The orc priest completely misses you.
You closely miss the orc priest.
The orc priest calls down the wrath of Beogh upon you.
Beogh smites you!
The orc priest hits you with a +0 hand axe.
You hit the orc priest.
The orc priest seems to grow stronger.
The orc priest is moderately wounded.
The orc priest hits you but does no damage.
The orc priest mumbles some strange prayers to Beogh against you.
Beogh smites you!
You can't go down here!
The orc priest hits you with a +0 hand axe!
You climb upwards.
There is a stone staircase leading down, spattered with blood here.
You barely miss the orc priest.
The orc priest is moderately wounded.
The orc priest hits you with a +0 hand axe!
* * * LOW HITPOINT WARNING * * *
You hit the orc priest.
The orc priest suddenly seems more agile.
The orc priest is heavily wounded.
The orc priest hits you with a +0 hand axe.
* * * LOW HITPOINT WARNING * * *
The orc priest hits you with a +0 hand axe.
You die...

##.## #........)#
#..###########.........#
##..##.................#
##....#....#..........#
#.......##.#..........#
########.####...#...#.########
..........#......[#.#.#
########).#.###†.o#.#.# #..#.#
#.h.#.#.# #..#.# ##[...#.#
#..#.# #.####.# ########.#
#......# #........# ########
#.######## #.# #.# #.#


You could see an orc priest (strong, agile).

Vanquished Creatures
  Menkaure (D:3)
  2 scorpions
  Crazy Yiuf (D:3)
  Ijyb (D:3)
  Terence (D:3)
  An orc wizard (D:3)
  2 adders
  2 dart slugs
  An orc (D:3)
  10 ball pythons
  5 bats
  5 endoplasms
  A giant cockroach (D:1)
  2 goblins
  6 hobgoblins
  8 jackals
  6 kobolds
  2 quokkas
  5 rats
62 creatures vanquished.

Notes
Turn   | Place    | Note
-------+----------+-------------------------------------------
     0 | D:1      | avis the Demigod Shapeshifter began the quest for the Orb.
     0 | D:1      | Reached XP level 1. HP: 15/15 MP: 3/3
   206 | D:1      | Reached skill level 1 in Fighting
   346 | D:1      | Reached XP level 2. HP: 23/23 MP: 4/4
   346 | D:1      | You fall into a shaft and drop 1 floor!
   352 | D:2      | Learned a level 1 spell: Summon Small Mammal
   824 | D:2      | Noticed a scorpion
   837 | D:2      | Killed a scorpion
   838 | D:2      | Reached XP level 3. HP: 11/29 MP: 5/5
   838 | D:2      | Reached XP level 4. HP: 14/36 MP: 6/6
  1610 | D:1      | Found Reimon Fual's Antique Weapon Emporium.
  2130 | D:3      | Noticed Ijyb
  2153 | D:3      | Killed Ijyb
  2312 | D:3      | Noticed Terence
  2350 | D:3      | Killed Terence
  2351 | D:3      | Reached XP level 5. HP: 26/41 MP: 7/7
  2673 | D:3      | Found a runed translucent door.
  2674 | D:3      | Noticed Crazy Yiuf
  2686 | D:3      | Killed Crazy Yiuf
  3105 | D:4      | Noticed Menkaure
  3152 | D:3      | Killed Menkaure
  3153 | D:3      | Reached XP level 6. HP: 5/48 MP: 8/8
  3312 | D:3      | HP: 2/48 [orc priest/+0 hand axe (6)]
  3312 | D:3      | Slain by an orc priest

Illustrated notes

Levels and vault maps discovered:
D:1:      dpeg_arrival_water_fire, layout_basic, serial_shops,
          nicolae_shop_dealshenge
D:2:      layout_loops_corners, basic_altar, minmay_misc_feat_x
D:3:      layout_basic, hellmonk_ecumenical_altar_dog_temple,
          uniq_crazy_yiuf_cottage, uniq_ijyb, uniq_terence
D:4:      layout_loops_corners, marbit_many_paths, makhleb_altar_promises_db,
          uniq_menkaure, uniq_natasha

Skill      XL: |  1  2  3  4  5 |
---------------+----------------+-----
Fighting       | 1 2 |  2.0
Dodging        | 2 3 |  3.3
Shapeshifting  | 3 4 |  4.4
Unarmed Combat | 3 4 |  4.0

Action                     |  1- 3 |  4- 6 || total
---------------------------+-------+-------++-------
  Melee: Unarmed           |    53 |    84 ||   137
         Punch             |     1 |     1 ||     2
         Quarterstaff      |       |    17 ||    17
   Fire: Sling             |    23 |    56 ||    79
  Throw: Boomerang         |       |     2 ||     2
  Evoke: Wand              |       |     1 ||     1
    Use: Potion            |       |     3 ||     3
   Stab: Sleeping          |     2 |       ||     2
 Armour: Leather armour    |    11 |     2 ||    13
         Scale mail        |       |    34 ||    34
         Acid dragon scale |       |    21 ||    21
         Skin              |       |     2 ||     2
  Dodge: Dodged            |    32 |    70 ||   102
   Form: Beast             |     1 |     3 ||     4
                           |     1 |       ||     1
         Flux              |       |     3 ||     3

Table legend: (Time is in decaauts)
 A = Elapsed time spent in this place.
 B = Non-inter-level travel time spent in this place.
 C = Inter-level travel time spent in this place.
 D = Time resting spent in this place.
 E = Time spent auto-exploring this place.
 F = Levels seen in this place.
 G = Mean time per level.
                   A        B        C        D        E       F      G
               +--------+--------+--------+--------+--------+-----+--------+
         Total |   3326 |   3104 |    222 |    467 |   1819 |   4 |  831.5 |
       Dungeon |   3326 |   3104 |    222 |    467 |   1819 |   4 |  831.5 |
               +--------+--------+--------+--------+--------+-----+--------+

Top non-repeatable levels by time:
     D:3: 1237 daAuts
     D:2: 1136 daAuts
     D:1: 937 daAuts
     D:4: 16 daAuts
